AoeStats
← =NAD=

Arabia

507039684Analyzed
1v1 RM · 15d ago on Sep 16, 2026· 48m 36s· 2 players
Game mode
Random Map
Map size
Tiny (2 player)
Population
200
Speed
Normal
Resources
Standard
Victory
Conquest
Starting age
Dark Age
Ending age
Imperial Age
RankedLock teamsTeams togetherTeam positionsShared explorationLock speedFull tech treeHidden civsTurbo modeCheats
Victory
Defeat
🇪🇸 Persians · Spain
979
+17
🇦🇷 Armenians · Argentina
1004
-34
chachex
7:31 Loom
10:23 Feudal Age
11:16 Double-Bit Axe
18:29 Fletching
21:40 Padded Archer Armor
22:15 Forging
24:15 Castle Age
23:15 Scale Barding Armor
23:23 Bloodlines
23:18 Horse Collar
24:53 Elite Skirmisher
26:04 Crossbowman
26:55 Bodkin Arrow
27:53 Leather Archer Armor
27:32 Town Watch
29:57 Ballistics
30:32 Gold Mining
38:48 Imperial Age
37:25 Chain Barding Armor
38:46 Wheelbarrow
39:21 Iron Casting
41:59 Capped Ram
42:06 Cavalier
45:11 Conscription
45:57 Heated Shot
47:11 Hand Cart
47:29 Bow Saw
47:38 Husbandry
48:36 Plate Barding Armor
49:23 Chemistry
=NAD=
0:28 Loom
7:19 Loom
9:59 Feudal Age
16:54 Castle Age
15:42 Double-Bit Axe
15:40 Horse Collar
19:34 Scale Barding Armor
23:13 Crossbowman
24:37 Fletching
26:01 Padded Archer Armor
26:46 Ballistics
26:52 Heavy Plow
27:48 Leather Archer Armor
32:23 Elite Skirmisher
36:50 Bow Saw
38:57 Bodkin Arrow
42:38 Gold Mining
46:13 Imperial Age
44:45 Wheelbarrow
44:02 Town Watch
46:18 Arbalester
48:27 Chemistry
Connection lost

Rejoining the realm…

Still unreachable

The connection could not be restored.

Session expired

The server has moved on; the page needs a fresh start.